 Dungeon Crawl Stone Soup version 0.28-a0-793-g31680bbd8b (webtiles) character file.

Game seed: 14058912113762478844

21 kae the Chopper (level 2, -1/27 HPs)
             Began as a Hill Orc Cinder Acolyte on Nov 3, 2021.
             Was a High Priest of Ignis.
             Slain by a hobgoblin (2 damage)
             ... on level 2 of the Dungeon.
             The game lasted 00:00:37 (915 turns).

kae the Chopper (Hill Orc Cinder Acolyte)            Turns: 915, Time: 00:00:37

Health: -1/27      AC:  2    Str: 16    XL:     2   Next: 83%
Magic:  0/3        EV: 11    Int: 14    God:    Ignis [*****.]
Gold:   20         SH:  0    Dex:  6    Spells: 1/3 levels left

rFire   + . .      SeeInvis .   a - -1 hand axe (flame)
rCold   . . .      Faith    .   (no shield)
rNeg    . . .      Spirit   .   b - +0 robe
rPois   .          Reflect  .   (no helmet)
rElec   .          Harm     .   (no cloak)
rCorr   .          Rampage  .   (no gloves)
Will    .....                   (no boots)
Stlth   +.........              (no amulet)
HPRegen 0.09/turn               (no ring)
MPRegen 0.08/turn               (no ring)

@: no status effects
A: no striking features
a: Renounce Religion, Sea of Fire, Foxfire Swarm, Rising Flame


You were on level 2 of the Dungeon.
You worshipped Ignis.
Ignis was extremely pleased with you.
You visited 1 branch of the dungeon, and saw 2 of its levels.

You collected 20 gold pieces.

Inventory:

Hand Weapons
 a - a -1 hand axe of flaming (weapon)
Armour
 b - a +0 robe (worn)
Jewellery
 e - a ring of magical power
Scrolls
 c - a scroll of summoning {unknown}
 d - a scroll of teleportation {unknown}


   Skills:
 + Level 3.9 Fighting
 * Level 4.5 Axes
 + Level 1.2 Spellcasting
 + Level 3.5 Fire Magic


You had one spell level left.
You knew the following spells:

 Your Spells              Type           Power      Damage    Failure   Level
a - Scorch                Fire           20%        2d6       9%          2

Your spell library contained the following spells:

 Spells                   Type           Power      Damage    Failure   Level
 Animate Dead             Necr           0%         N/A       95%         4
 Borgnjor's Vile Clutch   Necr/Erth      0%         N/A       100%        5
 Death Channel            Necr           0%         N/A       100%        6


Dungeon Overview and Level Annotations

Branches:
Dungeon (2/15)

Altars:

Shops:
D:1 ==


Message History

The quokka is heavily wounded.
The quokka bites you. The quokka closely misses you.
You hit the quokka but do no damage.
The quokka is moderately wounded.
The quokka bites you.
Casting: Scorch (safe; 9% risk of failure)
Confirm with . or Enter, or press ? or * to list all spells.
You don't have enough magic to cast this spell.
You closely miss the quokka.
The quokka is moderately wounded.
The quokka bites you but does no damage.
Casting: Scorch (safe; 9% risk of failure)
Confirm with . or Enter, or press ? or * to list all spells.
You don't have enough magic to cast this spell.
You hit the quokka but do no damage.
The quokka is moderately wounded.
A hobgoblin comes into view.
The quokka bites you.
* * * LOW HITPOINT WARNING * * *
Casting: Scorch (safe; 9% risk of failure)
Confirm with . or Enter, or press ? or * to list all spells.
You don't have enough magic to cast this spell.
You miss the quokka.
The quokka is moderately wounded.
The quokka bites you.
* * * LOW HITPOINT WARNING * * *
The quokka closely misses you.
You see here a +0 club.
The quokka barely misses you.
You closely miss the quokka. The quokka completely misses you.
You closely miss the quokka. The quokka closely misses you.
Casting: Scorch (safe; 9% risk of failure)
Confirm with . or Enter, or press ? or * to list all spells.
Flames lash the quokka.
You kill the quokka!
The hobgoblin hits you but does no damage.
You barely miss the hobgoblin. The hobgoblin hits you.
* * * LOW HITPOINT WARNING * * *
You barely miss the hobgoblin. The hobgoblin hits you.
You die...

### ..# ...
#.# ##.##
... #.# #@#
. #g### #..
#)..#....
#†....#
#<..#.#
.........##
#
..........#
.g........#
..........#


You could see a hobgoblin.

Vanquished Creatures
  A dart slug (D:1)
  A ball python (D:1)
  3 endoplasms (D:1)
  2 goblins
  A hobgoblin (D:1)
  2 kobolds (D:1)
  2 quokkas
  2 frilled lizards (D:1)
  2 rats
16 creatures vanquished.

Notes
Turn   | Place    | Note
-------+----------+-------------------------------------------
     0 | D:1      | kae the Hill Orc Cinder Acolyte began the quest for the
                  | Orb.
     0 | D:1      | Reached XP level 1. HP: 19/19 MP: 2/2
   233 | D:1      | Found Akuismuo's Jewellery Boutique.
   249 | D:1      | Reached XP level 2. HP: 17/27 MP: 3/3
   512 | D:1      | Found Kakkorgh's Jewellery Emporium.
   695 | D:1      | Found a faded altar of an unknown god.
   839 | D:2      | Learned a level 2 spell: Scorch
   914 | D:2      | HP: 1/27 [hobgoblin (5)]
   915 | D:2      | Slain by a hobgoblin

Illustrated notes

Levels and vault maps discovered:
D:1:      dpeg_arrival_snail, layout_basic, serial_shops, nicolae_diamond_shop,
          shop, hellmonk_ecumenical_altar_inner_sanctum,
          hangedman_decor_opposing
D:2:      layout_basic

Action                   || total
-------------------------++-------
Melee: Hand axe          ||    51
 Cast: Scorch            ||     2
Armor: Robe              ||     4
Dodge: Dodged            ||    30

Table legend: (Time is in decaauts)
 A = Elapsed time spent in this place.
 B = Non-inter-level travel time spent in this place.
 C = Inter-level travel time spent in this place.
 D = Time resting spent in this place.
 E = Time spent auto-exploring this place.
 F = Levels seen in this place.
 G = Mean time per level.
                   A        B        C        D        E       F      G
               +--------+--------+--------+--------+--------+-----+--------+
         Total |    919 |    919 |      0 |      4 |    762 |   2 |  459.5 |
       Dungeon |    919 |    919 |      0 |      4 |    762 |   2 |  459.5 |
               +--------+--------+--------+--------+--------+-----+--------+

Top non-repeatable levels by time:
     D:1: 820 daAuts
     D:2: 98 daAuts
